 Dungeon Crawl Stone Soup version 0.18.1-6-gd335043 (webtiles) character file.

95 M4edhros the Grave Robber (level 4, -9/27 HPs)
             Began as an Octopode Necromancer on May 18, 2016.
             Killed by divine providence
             ... invoked by an orc priest
              (13 damage)
             ... on level 4 of the Dungeon.
             The game lasted 00:07:51 (849 turns).

M4edhros the Grave Robber (Octopode Necromancer)     Turns: 849, Time: 00:07:54

Health: -9/27      AC:  1    Str:  4 (7)  XL:     4   Next: 66%
Magic:  3/7        EV: 12    Int: 14 (17) God:
Gold:   81         SH:  0    Dex: 10 (13) Spells: 3 memorised, 2 levels left

rFire  . . .     SeeInvis .     o - +3 dagger
rCold  . . .     Gourm    .     (no shield)
rNeg   . . .     Faith    .     (helmet restricted)
rPois  .         Spirit   .     (no amulet)
rElec  .         Dismiss  .     h - ring of teleportation (curse)
rCorr  .         Reflect  .     (no ring)
SustAt .         Harm     .     (no ring)
MR     .....     Rnd*Tele +     (no ring)
Stlth  +++.......               (no ring)
                                (no ring)
                                (no ring)
                                (no ring)

@: not resistant to hostile enchantments, fairly stealthy
A: almost no armour, amphibious, 8 rings, constrict 8, camouflage 1, gelatinous
body 1
a: no special abilities


You were on level 4 of the Dungeon.
You were hungry.

You visited 1 branch of the dungeon, and saw 4 of its levels.

You collected 81 gold pieces.

Inventory:

Hand Weapons
 o - a +3 dagger (weapon)
Missiles
 e - 42 stones
 g - 2 tomahawks (quivered)
Jewellery
 h - a cursed ring of teleportation (left tentacle)
Scrolls
 d - a scroll of recharging {unknown}
 i - 2 scrolls of identify {unknown}
 j - a scroll of teleportation {unknown}
 q - a scroll of enchant armour {unknown}
 s - a scroll of noise {unknown}
 t - a scroll of fear {unknown}
Potions
 k - a potion of might {unknown}
 m - a potion of ambrosia {unknown}
 n - a potion of beneficial mutation {unknown}
 p - a potion of degeneration
 r - a potion of lignification {unknown}
 u - a potion of magic {unknown}
 v - a potion of brilliance {unknown}
Books
 a - a book of Necromancy

   Spells                             Type                      Level
   a - Pain                           Necromancy                   1
   b - Animate Skeleton               Necromancy                   1
   c - Vampiric Draining              Necromancy                   3
   d - Regeneration                   Charms/Necromancy            3
   e - Animate Dead                   Necromancy                   4
   f - Control Undead                 Necromancy                   4
Comestibles
 b - 2 bread rations
 f - a meat ration
 l - a beef jerky


   Skills:
 - Level 2.0 Dodging
 + Level 3.6 Stealth
 + Level 3.7 Unarmed Combat
 - Level 2.0 Spellcasting
 - Level 4.0 Necromancy


You had 2 spell levels left.
You knew the following spells:

 Your Spells              Type           Power        Failure   Level  Hunger
a - Pain                  Necr           ##..         4%          1    ##.....
b - Animate Skeleton      Necr           N/A          4%          1    ##.....
r - Regeneration          Chrm/Necr      #.........   30%         3    ####...


Dungeon Overview and Level Annotations

Branches:
Dungeon (4/15)
 Temple: D:4-7

Altars:
Dithmenos


Innate Abilities, Weirdness & Mutations

You cannot wear most types of armour.
You are amphibious.
You can wear up to eight rings at the same time.
You can use your tentacles to constrict eight enemies at once.
Your skin changes colour to match your surroundings (Stealth).
Your rubbery body absorbs attacks (AC +1).


Message History

An orc priest comes into view.
The orc priest shouts!
The orc priest mumbles some strange prayers to Beogh against you.
Pain shoots through your body!
* * * LOW HITPOINT WARNING * * *
Found a ring mail.
Found two stone staircases leading down.
A ball python, 2 orcs and an orc wizard come into view.
Read which item? (? for menu, Esc to quit)
Okay, then.
Drink which item? (? for menu, Esc to quit)
Okay, then.
Drink which item? (? for menu, Esc to quit)
It was a potion of degeneration.
There was something very wrong with that liquid.
You feel weakened.
You feel dopey.
You feel clumsy.
The orc wizard shouts!
The orc priest mumbles some strange prayers to Beogh against you.
Beogh smites you!
You die...

##.. .... #.>.
.... #... .....
#...####.....
#............
#............
#........#
#....@>[o#
...........o...
.........So.o..
...............
...##..........
.. ...........
. ............
.............


You could see an orc priest, an orc wizard, 2 orcs and a ball python
(wandering).

Vanquished Creatures
  An iguana (D:4)
  3 adders (D:2)
  A worm (D:2)
  3 dart slugs (D:1)
  2 giant geckos
  2 orcs (D:4)
  2 giant cockroaches (D:1)
  2 goblins
  6 jackals (D:1)
  A bat (D:2)
  A rat (D:2)
24 creatures vanquished.

Vanquished Creatures (collateral kills)
  A dart slug (D:1)
  2 jackals (D:1)
  A kobold (D:1)
  A giant newt (D:1)
  2 rats (D:1)
7 creatures vanquished.

Grand Total: 31 creatures vanquished

Notes
Turn   | Place    | Note
--------------------------------------------------------------
     0 | D:1      | M4edhros the Octopode Necromancer began the quest for the Orb.
     0 | D:1      | Reached XP level 1. HP: 11/11 MP: 3/3
     0 | D:1      | !!! my statement: i failed my last statement. So i need to make it up and win this game with low turncount bright shine like a diamond. boom
     6 | D:1      | setting uc for training
    38 | D:1      | Reached skill level 1 in Unarmed Combat
   144 | D:1      | Reached XP level 2. HP: 8/17 MP: 1/5
   154 | D:1      | Learned a level 1 spell: Animate Skeleton
   230 | D:1      | boom, ring of tele. good i think.
   376 | D:1      | Reached XP level 3. HP: 7/21 MP: 2/6
   381 | D:1      | Learned a level 3 spell: Regeneration
   631 | D:2      | Found a shadowy altar of Dithmenos.
   638 | D:2      | Reached XP level 4. HP: 27/27 MP: 2/7
   849 | D:4      | Killed from afar by an orc priest

Skill      XL: |  1  2  3 |
---------------+----------+-----
Unarmed Combat | 1 2 3 |  3.7
Stealth        | 3 |  3.6
Dodging        | |  2.0
Spellcasting   | |  2.0
Necromancy     | |  4.0

Action                   |  1- 3 |  4- 6 || total
-------------------------+-------+-------++-------
Melee: Unarmed           |    24 |       ||    24
       Constrict         |    15 |     2 ||    17
       Tentacles         |     7 |       ||     7
       Dagger            |    15 |     4 ||    19
Throw: Tomahawk          |       |     2 ||     2
 Cast: Pain              |    21 |     6 ||    27
       Animate Skeleton  |     6 |       ||     6
       Regeneration      |     5 |     1 ||     6
  Use: Potion            |     1 |     1 ||     2
 Stab: Sleeping          |     3 |     1 ||     4
  Eat: Chunk             |     1 |       ||     1
Armor: Skin              |     2 |       ||     2
Dodge: Dodged            |    21 |     2 ||    23
